 Dungeon Crawl Stone Soup version 0.30-a0-852-g08b95dd62f (webtiles) character file.

Game seed: 645933756339779718

757 cforsyth the Magician (level 7, 0/36 HPs)
             Began as a Deep Elf Summoner on Mar 4, 2023.
             Succumbed to a water moccasin's poison
             ... on level 5 of the Dungeon.
             The game lasted 00:08:18 (4392 turns).

cforsyth the Magician (Deep Elf Summoner)           Turns: 4392, Time: 00:08:19

Health: 0/36       AC:  2    Str:  5    XL:     7   Next: 50%
Magic:  9/19       EV: 12    Int: 28    God:
Gold:   288        SH:  0    Dex: 15    Spells: 6/19 levels left

rFire   . . .      SeeInvis .    (no weapon)
rCold   . . .      Faith    .    (no shield)
rNeg    . . .      Spirit   .    a - +0 robe
rPois   .          Reflect  .    (no helmet)
rElec   .          Rampage  .    (no cloak)
rCorr   .          Rage     3%   (no gloves)
Will    +....                    (no boots)
Stlth   ++                       (no amulet)
HPRegen 0.26/turn                q - +6 ring of intelligence
MPRegen 0.16/turn                (no ring)

@: lethally poisoned (0 -> -15), hasted, very quick
A: berserk 1, strong-willed 1, noise suppression
a: no special abilities


You were on level 5 of the Dungeon.
You visited 1 branch of the dungeon, and saw 5 of its levels.

You collected 288 gold pieces.

Inventory:

Armour
 a - a +0 robe (worn)
Jewellery
 q - a +6 ring of intelligence (left hand)
Wands
 s - a wand of paralysis (7)
Scrolls
 c - 9 scrolls of identify {unknown}
 d - a scroll of summoning {unknown}
 e - a scroll of vulnerability {unknown}
 f - a scroll of amnesia {unknown}
 k - 2 scrolls of enchant armour {unknown}
 o - a scroll of immolation {unknown}
 p - 3 scrolls of teleportation {unknown}
 r - 4 scrolls of fog {unknown}
 t - a scroll of magic mapping {unknown}
Potions
 b - a potion of magic
 g - 2 potions of heal wounds {unknown}
 h - a potion of attraction {unknown}
 i - 2 potions of mutation
 j - 2 potions of curing {unknown}
 l - a potion of invisibility {unknown}
 m - a potion of ambrosia {unknown}
 n - a potion of haste


   Skills:
 - Level 2.4 Dodging
 - Level 2.4 Stealth
 + Level 6.8 Spellcasting
 + Level 4.3 Hexes
 + Level 6.8 Summonings
 + Level 3.2 Air Magic


You had 6 spell levels left.
You knew the following spells:

 Your Spells              Type           Power      Damage    Failure   Level
a - Summon Small Mammal   Summ           100%       N/A       1%          1
b - Call Imp              Summ           48%        N/A       1%          2
c - Call Canine Familiar  Summ           48%        N/A       1%          3
d - Summon Guardian Gole  Hex/Summ       40%        N/A       1%          3
e - Summon Lightning Spi  Summ/Air       37%        N/A       7%          4

Your spell library contained the following spells:

 Spells                   Type           Power      Damage    Failure   Level
 Ensorcelled Hibernation  Hex/Ice        42%        N/A       3%          2
 Swiftness                Air            27%        N/A       4%          3
 Beastly Appendage        Tmut           18%        N/A       5%          1
 Lesser Beckoning         Tloc           18%        N/A       9%          2
 Passwall                 Tmut/Erth      7%         N/A       9%          2
 Wereblood                Tmut           9%         N/A       9%          2
 Kindle Blastsparks       Fire/Tloc/Air  30%        2d12      11%         3
 Gell's Gravitas          Tloc           9%         N/A       17%         3
 Ignite Poison            Fire/Tmut/Pois 9%         N/A       17%         3
 Spider Form              Tmut/Pois      9%         N/A       17%         3
 Teleport Other           Tloc           9%         N/A       17%         3
 Freezing Cloud           Conj/Ice/Air   7%         6-21      69%         5


Dungeon Overview and Level Annotations

Branches:
Dungeon (5/15)
 Temple: D:4-7

Altars:
Ru
Trog


Innate Abilities, Weirdness & Mutations

You sometimes lose your temper in combat.
You are strong-willed. (Will+)
You passively dampen the noise of your surroundings.


Message History

Your crimson imp hits the kobold brigand.
The kobold brigand closely misses you.
Casting: Summon Small Mammal (safe; 1% risk of failure)
Confirm with . or Enter, or press ? or * to list all spells.
Your wolf barely misses the kobold brigand.
The water moccasin bites you.
You are poisoned.
The water moccasin poisons you!
Your quokka bites the water moccasin.
Your wolf closely misses the kobold brigand.
Something completely misses your wolf.
Your crimson imp blinks!
The kobold brigand hits you with a +0 club.
You miss the water moccasin.
The water moccasin is lightly wounded.
You feel sick. The water moccasin bites you.
You are lethally poisoned!
The water moccasin poisons you!
Your wolf bites the kobold brigand!
Your quokka misses the water moccasin. The water moccasin bites you.
Your quokka bites the kobold brigand but does no damage.
Something completely misses your quokka.
Something hits your quokka but does no damage.
The kobold brigand barely misses your wolf.
Something hits your wolf but does no damage.
Unknown command.
Unknown command.
It was a potion of mutation.
You feel extremely strange.
You feel a little pissed off.
You feel strong-willed.
You feel your surroundings grow quieter.
* * * LOW HITPOINT WARNING * * *
You feel very sick.
Your wolf bites the kobold brigand!
The kobold brigand dies!
Your quokka misses the water moccasin. The water moccasin bites you.
* * * LOW HITPOINT WARNING * * *
An ufetubus comes into view.
A kobold comes into view. It is wielding a +0 dagger.
An orc comes into view. It is wielding a +0 dagger.
Okay, then.
It was a potion of haste.
You feel yourself speed up.
You die...

## ..# # .. ...##.
.# ...... .###
......# ... .......
.. .......## .#
#<#####.###.##
...#.##.##@hr§)§oo.
.......5rS.#K###o##
.......[####.#
......... ..
.......### .##
....... .# .....##
.# ..... .. ..#.#


You could see a water moccasin (ally target), 3 orcs, an ufetubus, a kobold, a
friendly wolf (summoned) and 2 friendly quokkas.

Vanquished Creatures
  Jessica (D:2)
  A ball python (D:3)
2 creatures vanquished.

Vanquished Creatures (collateral kills)
  A kobold brigand (D:5)
  Blork the orc (D:4)
  A jelly (D:4)
  A gnoll bouda (D:4)
  Natasha (twice) (D:3)
  6 adders
  A gnoll (D:2)
  A worm (D:2)
  3 dart slugs
  7 ball pythons
  3 bats
  10 endoplasms
  4 giant cockroaches
  9 goblins
  4 hobgoblins
  2 jackals (D:2)
  4 quokkas
  2 frilled lizards
  9 kobolds
  7 rats
78 creatures vanquished.

Vanquished Creatures (others)
  A black bear (D:4)
  3 ogres
  An orc (D:5)
5 creatures vanquished.

Grand Total: 85 creatures vanquished

Notes
Turn   | Place    | Note
-------+----------+-------------------------------------------
     0 | D:1      | cforsyth the Deep Elf Summoner began the quest for the Orb.
     0 | D:1      | Reached XP level 1. HP: 10/10 MP: 6/6
    94 | D:1      | Reached XP level 2. HP: 2/15 MP: 4/8
   268 | D:1      | Learned a level 2 spell: Call Imp
   789 | D:1      | Reached skill level 5 in Summonings
   789 | D:1      | Reached XP level 3. HP: 19/19 MP: 8/10
  1342 | D:2      | Noticed Jessica
  1373 | D:2      | Learned a level 3 spell: Call Canine Familiar
  1616 | D:2      | Killed Jessica
  1617 | D:2      | Reached XP level 4. HP: 18/24 MP: 7/12
  1753 | D:2      | Reached skill level 5 in Spellcasting
  2040 | D:3      | Found a sacrificial altar of Ru.
  2075 | D:3      | Learned a level 3 spell: Summon Guardian Golem
  2080 | D:3      | Learned a level 4 spell: Summon Lightning Spire
  2118 | D:3      | Noticed Natasha
  2228 | D:3      | Killed Natasha
  2229 | D:3      | Reached skill level 1 in Hexes
  2229 | D:3      | Reached XP level 5. HP: 22/28 MP: 10/14
  2495 | D:3      | Noticed Natasha
  2502 | D:3      | Killed Natasha
  2503 | D:3      | Reached skill level 1 in Air Magic
  3239 | D:4      | Noticed an ogre
  3252 | D:4      | Killed an ogre
  3253 | D:4      | Reached XP level 6. HP: 32/32 MP: 10/16
  3723 | D:4      | Found a bloodstained altar of Trog.
  3909 | D:4      | Reached XP level 7. HP: 36/36 MP: 14/18
  4075 | D:4      | Noticed Blork the orc
  4087 | D:4      | Killed Blork the orc
  4360 | D:5      | Entered Level 5 of the Dungeon
  4391 | D:5      | Gained mutation: You sometimes lose your temper in combat.
                  | [potion of mutation]
  4391 | D:5      | Gained mutation: You are strong-willed. (Will+) [potion of
                  | mutation]
  4391 | D:5      | Gained mutation: You passively dampen the noise of your
                  | surroundings. [potion of mutation]
  4392 | D:5      | Succumbed to a water moccasin's poison

Illustrated notes

Levels and vault maps discovered:
D:1:      minmay_arrival_radiant_lines, layout_basic, minmay_pentomino_u2
D:2:      layout_rooms, st_stairs_13, nrook_mini_vaults, cheibrodos_gnoll_hut,
          uniq_jessica
D:3:      layout_basic, mainiacjoe_overflow_cross_hatched,
          kennysheep_generic_room_11, uniq_natasha
D:4:      minmay_bubble_buster, layout_cave_pools, lemuel_tele_altar,
          minmay_goblin_outpost, uniq_blork_the_orc
D:5:      layout_loops_ring, gammafunk_temple_overflow_elements,
          minmay_strange_pillars

Skill      XL: |  1  2  3  4  5  6  7 |
---------------+----------------------+-----
Spellcasting   | 4 5 6 |  6.8
Summonings     | 5 6 |  6.8
Hexes          | 1 2 3 4 |  4.3
Air Magic      | 1 2 3 |  3.2
Dodging        | |  2.4
Stealth        | |  2.4

Action                     |  1- 3 |  4- 6 |  7- 9 || total
---------------------------+-------+-------+-------++-------
  Melee: Unarmed           |    41 |    11 |     1 ||    53
         Punch             |     1 |       |       ||     1
   Cast: Summon Small Mamm |    53 |    31 |     6 ||    90
         Call Imp          |    16 |     9 |     3 ||    28
         Call Canine Famil |     1 |    15 |     3 ||    19
         Summon Lightning  |       |     2 |       ||     2
         Summon Guardian G |       |     4 |     2 ||     6
    Use: Potion            |       |       |     2 ||     2
   Stab: Distracted        |     1 |       |       ||     1
         Sleeping          |       |     1 |       ||     1
 Armour: Robe              |    11 |     6 |       ||    17
  Dodge: Dodged            |    48 |    25 |     3 ||    76

Table legend: (Time is in decaauts)
 A = Elapsed time spent in this place.
 B = Non-inter-level travel time spent in this place.
 C = Inter-level travel time spent in this place.
 D = Time resting spent in this place.
 E = Time spent auto-exploring this place.
 F = Levels seen in this place.
 G = Mean time per level.
                   A        B        C        D        E       F      G
               +--------+--------+--------+--------+--------+-----+--------+
         Total |   4397 |   4324 |     73 |    427 |   2956 |   5 |  879.4 |
       Dungeon |   4397 |   4324 |     73 |    427 |   2956 |   5 |  879.4 |
               +--------+--------+--------+--------+--------+-----+--------+

Top non-repeatable levels by time:
     D:4: 1575 daAuts
     D:1: 1241 daAuts
     D:3: 916 daAuts
     D:2: 632 daAuts
     D:5: 31 daAuts
